 Dungeon Crawl Stone Soup version 0.21-a0-529-g8c7b3f5 (webtiles) character file.

161 slep the Chopper (level 5, -10/27 HPs)
             Began as a Vine Stalker Gladiator on Dec 11, 2017.
             Killed by divine providence
             ... invoked by an orc priest
              (11 damage)
             ... on level 3 of the Dungeon.
             The game lasted 00:04:59 (1296 turns).

slep the Chopper (Vine Stalker Gladiator)           Turns: 1296, Time: 00:05:03

Health: -10/27     AC:  4    Str: 17    XL:     5   Next: 42%
Magic:  0/6        EV: 13    Int:  8    God:
Gold:   95         SH:  0    Dex: 16    Spells: 4/4 levels left

rFire    . . .     SeeInvis .   a - +0 war axe
rCold    + . .     Gourm    .   (no shield)
rNeg     . . .     Faith    .   b - +0 leather armour
rPois    .         Spirit   +   c - +0 helmet
rElec    .         Reflect  .   (no cloak)
rCorr    .         Harm     .   (no gloves)
MR       .....                  (no boots)
Stlth    ++........             (no amulet)
HPRegen  0.49/turn              h - ring of protection from cold
MPRegen  0.10/turn              (no ring)

@: no status effects
A: fangs 2, regeneration 1, magic shield, antimagic bite, no potion heal 3, rot
immunity
a: no special abilities


You were on level 3 of the Dungeon.
You were hungry.

You visited 1 branch of the dungeon, and saw 3 of its levels.

You collected 95 gold pieces.

Inventory:

Hand Weapons
 a - a +0 war axe (weapon)
Missiles
 d - 2 throwing nets (quivered)
Armour
 b - a +0 leather armour (worn)
 c - a +0 helmet (worn)
Jewellery
 h - a ring of protection from cold (left hand)
Wands
 q - a wand of acid (8)
Scrolls
 e - a scroll of fear {unknown}
 k - a scroll of immolation {unknown}
 l - a scroll of magic mapping {unknown}
 n - 2 scrolls of remove curse {unknown}
 s - a scroll of teleportation {unknown}
Potions
 g - a potion of magic {unknown}
 j - a potion of heal wounds {unknown}
 o - a potion of invisibility {unknown}
 p - a potion of lignification {unknown}
 t - a potion of might {unknown}
Comestibles
 f - 2 bread rations
 i - a meat ration
 m - a royal jelly
 r - 3 chunks of flesh


   Skills:
 + Level 2.3 Fighting
 + Level 3.9 Axes
 + Level 2.0 Throwing
 + Level 1.2 Armour
 + Level 3.0 Dodging
 + Level 2.1 Stealth


You had 4 spell levels left.
You didn't know any spells.

Dungeon Overview and Level Annotations

Branches:
Dungeon (3/15)

Altars:
Ashenzari
Fedhas


Innate Abilities, Weirdness & Mutations

You have extremely sharp teeth.
Your natural rate of healing is unusually fast.
When hurt, damage is shared between your health and your magic reserves.
Your bite disrupts and absorbs the magic of your enemies.
Potions cannot restore your health.
You are immune to rotting.


Message History

The orc closely misses you. The orc priest misses you.
You completely miss the orc priest.
You bite the orc priest, but do no damage.
The orc priest is severely wounded.
You barely miss the orc. The orc closely misses you.
The orc priest hits you with a club.
You completely miss the orc priest. Your bite misses the orc priest.
The orc priest is severely wounded.
You closely miss the orc. The orc closely misses you.
The orc priest mumbles some strange prayers to Beogh against you.
Pain shoots through your body!
* * * LOW HITPOINT WARNING * * *
You hit the orc priest but do no damage.
Your bite misses the orc priest.
The orc priest is severely wounded.
You hit the orc but do no damage. The orc hits you with a hand axe.
* * * LOW HITPOINT WARNING * * *
The orc priest invokes the aid of Beogh against you.
Beogh smites you!
You die...

#........#....#....#.#......
#.............#.........###
..............#....#....#
..............#.####....#
.....# ##....#.####....#
######.........#
...........##..#
......oo...'...#
......)@...##.##
..#####[##.##.# #.##.##.#
#..#.##.# #..####### ##.#
##8## .# 8...8 .##.%...#
_....._


You could see an orc priest and an orc.

Vanquished Creatures
  An ogre (D:2)
  An adder (D:2)
  An ooze (D:1)
  3 leopard geckos
  6 orcs (D:3)
  3 giant cockroaches
  6 goblins
  9 hobgoblins
  3 jackals (D:2)
  2 kobolds (D:2)
  8 bats
  2 frilled lizards
  6 rats
51 creatures vanquished.

Notes
Turn   | Place    | Note
-------+----------+-------------------------------------------
     0 | D:1      | slep the Vine Stalker Gladiator began the quest for the Orb.
     0 | D:1      | Reached XP level 1. HP: 11/11 MP: 2/2
   138 | D:1      | Reached XP level 2. HP: 15/15 MP: 3/3
   308 | D:1      | Reached XP level 3. HP: 8/18 MP: 2/4
   370 | D:1      | Reached skill level 1 in Stealth
   582 | D:2      | Noticed an ogre
   588 | D:2      | Killed an ogre
   588 | D:2      | Gained mutation: Your natural rate of healing is unusually fast. [Vine Stalker growth]
   588 | D:2      | Reached XP level 4. HP: 23/23 MP: 5/5
   588 | D:2      | Reached XP level 5. HP: 27/27 MP: 6/6
   747 | D:2      | Reached skill level 1 in Armour
  1273 | D:3      | Found a shattered altar of Ashenzari.
  1273 | D:3      | Found a blossoming altar of Fedhas.
  1296 | D:3      | HP: 1/27 [orc/hand axe (2)]
  1296 | D:3      | Killed from afar by an orc priest

Vault maps used:
D:1:      dpeg_arrival_boxes_within_box
D:3:      kennysheep_six_static_rooms, nicolae_overflow_hidden_temple,
          grunt_temple_overflow_open, corner_web_ring

Skill      XL: |  1  2  3  4  5 |
---------------+----------------+-----
Fighting       | 2 |  2.3
Axes           | 3 |  3.9
Throwing       | 2 |  2.0
Stealth        | 1 2 |  2.1
Armour         | 1 |  1.2
Dodging        | 3 |  3.0

Action                   |  1- 3 |  4- 6 || total
-------------------------+-------+-------++-------
Melee: War axe           |    66 |    69 ||   135
       Bite              |    19 |    14 ||    33
Throw: Throwing net      |     1 |       ||     1
 Stab: Sleeping          |     2 |     1 ||     3
       Held in net/web   |     1 |       ||     1
  Eat: Chunk             |       |     1 ||     1
Armor: Leather armour    |    26 |    19 ||    45
Dodge: Dodged            |    51 |    78 ||   129

Table legend:
 A = Spawn XP
 B = Non-spawn XP
 C = Spawn XP percentage of total XP
 D = Spawn monster count
 E = Non-spawn monster count
 F = Spawn count percentage of total count
 G = Total turns spent on level
                    A         B        C        D         E        F      G
               +---------+---------+-------+---------+---------+-------+---------
         Total |       0 |     231 |   0.0 |       0 |      51 |   0.0 |  1296
               +---------+---------+-------+---------+---------+-------+---------
           D:1 |       0 |      43 |   0.0 |       0 |      22 |   0.0 |   489
           D:2 |       0 |     164 |   0.0 |       0 |      18 |   0.0 |   685
           D:3 |       0 |      24 |   0.0 |       0 |      11 |   0.0 |   122
               +---------+---------+-------+---------+---------+-------+---------
